cohdb
Replays
Latest Replays
All Replays
Popular Replays
Top Player Replays
Match Explorer
How It Works
Community
CoH3 Stats
Reddit
Sign in to upload your games and track your stats! →
Sign in with Steam
Match 45186340
Unlisted
Match 45186340
Overview
Messages
Build Orders
End
Construct Section Command Post
Selects Australian Defense Battlegroup
Selects Australian Light Infantry Section
Australian Light Infantry Section
Dingo Light Scout Car
Infantry Section
Infantry Section
Grenade Package
Royal Engineer Section
Construct Platoon Command Post
Humber Armored Car
Vickers Machine Gun Team
6-pounder Anti-tank Gun Team
Selects CMP 15cwt Supply Run
Selects Reinforced Resource Caches
Construct Company Command Post
Selects Defensive Tactics
Matilda II Heavy Tank
Matilda II Heavy Tank
Armored Vehicle Training
Selects Charged Creeping Barrage
Charged Creeping Barrage
Royal Engineer Section
Foot Guards Section
Charged Creeping Barrage
Trash Panda
General Custard Cream
NotQuiteAKing
Alekel
Walther
Arnie
Maniax
小学猫
0
0
Comments
sign in to comment!
No comments posted yet!